 Dungeon Crawl Stone Soup version 0.17.1-3-g152610e (webtiles) character file.

677 MrTails the Skirmisher (level 7, -15/60 HPs)
             Began as a Centaur Fighter on Feb 18, 2016.
             Demolished by an ogre
             ... wielding a +0 giant club
              (18 damage)
             ... on level 5 of the Dungeon.
             The game lasted 00:07:23 (4301 turns).

MrTails the Skirmisher (Centaur Fighter)            Turns: 4301, Time: 00:07:24

Health: -15/60     AC: 12    Str: 20    XL:     7   Next: 33%
Magic:  2/2        EV:  2    Int:  7    God:
Gold:   189        SH:  9    Dex:  9    Spells: 0 memorised, 6 levels left

rFire  . . .     SeeInvis .     x - +3 hand axe (antimagic)
rCold  . . .     Clarity  .     H - +0 plate armour
rNeg   . . .     SustAt   .     c - +0 shield
rPois  .         Gourm    .     i - +0 helmet
rElec  .         Spirit   .     u - +1 cloak
rCorr  .         Warding  .     (no gloves)
rMut   .         Stasis   .     (no barding)
MR     .....                    (no amulet)
Stlth  ..........               (no ring)
                                (no ring)

@: very quick, not resistant to hostile enchantments, extremely unstealthy
A: hooves 3, deformed body, speed 2, tough skin 3
a: no special abilities


You were on level 5 of the Dungeon.
You were very hungry.

You visited 1 branch of the dungeon, and saw 5 of its levels.

You collected 189 gold pieces.

Inventory:

Hand Weapons
 a - a +0 war axe
 x - a +3 antimagic hand axe (weapon)
Armour
 b - a +0 scale mail
 c - a +0 shield (worn)
 i - a +0 helmet (worn)
 u - a +1 cloak (worn)
 H - a +0 plate armour (worn)
Jewellery
 o - an uncursed ring of protection from magic {unknown}
 q - an uncursed ring of positive energy {unknown}
 D - an uncursed amulet of faith {unknown}
Wands
 t - a wand of slowing (18)
 F - a wand of slowing (21)
 I - a wand of disintegration (14)
Scrolls
 f - 4 scrolls of identify {unknown}
 g - 2 scrolls of blinking {unknown}
 j - a scroll of enchant weapon {unknown}
 l - 2 scrolls of remove curse {unknown}
 n - a scroll of recharging {unknown}
 r - 2 scrolls of immolation {unknown}
 v - 2 scrolls of teleportation {unknown}
 w - a scroll of fog {unknown}
 y - a scroll of random uselessness {unknown}
 B - a scroll of noise {unknown}
 C - a scroll of amnesia {unknown}
 G - 3 scrolls of fear {unknown}
 J - a scroll of enchant armour {unknown}
Potions
 d - 3 potions of might
 h - 2 potions of degeneration {unknown}
 k - a potion of curing {unknown}
 m - 2 potions of poison {unknown}
 p - a potion of invisibility {unknown}
 z - a potion of cancellation {unknown}
 A - a potion of mutation {unknown}
 E - a potion of brilliance {unknown}
Comestibles
 e - 3 bread rations
 s - a slice of pizza


   Skills:
 + Level 4.8 Fighting
 * Level 4.8 Axes
 + Level 3.3 Armour
 + Level 3.5 Shields


You had 6 spell levels left.
You didn't know any spells.

Dungeon Overview and Level Annotations

Branches:
Dungeon (5/15)
 Temple: D:4-7

Altars:
Fedhas
Xom

Shops:
D:5 :


Innate Abilities, Weirdness & Mutations

You have hooves in place of feet.
Armour fits poorly on your strangely shaped body.
You cover ground very quickly.
You have extremely tough skin (AC +3).


Message History

The ogre is lightly wounded.
You hit the ogre. Your kick misses the ogre.
The ogre is moderately wounded.
You block the ogre's attack.
You slash the ogre! You kick the ogre, but do no damage.
The ogre is heavily wounded.
The ogre hits you with a giant club!
* * * LOW HITPOINT WARNING * * *
Your plate armour prevents you from hitting the ogre.
The ogre is heavily wounded.
The ogre hits you with a giant club!
* * * LOW HITPOINT WARNING * * *
Your plate armour prevents you from hitting the ogre.
You kick the ogre.
The ogre is severely wounded.
The ogre barely misses you.
You hit the ogre. You kick the ogre.
The ogre is almost dead.
The ogre hits you with a giant club!!
You die...

##..##.8.....8.#
###....#.........##
#............)....#
#..........>......#
###....#.............
##...............##
#.....8.....8.#...
#.............#.##
#...@.....#.#.# #
##.O#######...#
##.#..)### #.......#
##.......###.
#.............
#._..8.._..#..
#..........#
#........###


You could see an ogre.

Vanquished Creatures
  Blork the orc (D:5)
  A scorpion (D:5)
  3 hounds
  2 crimson imps
  Crazy Yiuf (D:2)
  2 orc wizards
  A gnoll shaman (D:4)
  Terence (D:3)
  2 worker ants
  An iguana (D:4)
  6 gnolls (D:4)
  3 adders
  2 shadow imps (D:5)
  An ooze (D:4)
  An adder skeleton (D:3)
  2 worms
  4 giant geckos
  7 orcs
  9 bats
  6 giant cockroaches
  5 goblins
  11 hobgoblins
  8 jackals
  8 kobolds
  A ball python (D:1)
  3 giant newts
  A quokka (D:2)
  7 rats
100 creatures vanquished.

Notes
Turn   | Place    | Note
--------------------------------------------------------------
     0 | D:1      | MrTails the Centaur Fighter began the quest for the Orb.
     0 | D:1      | Reached XP level 1. HP: 19/19 MP: 1/1
   131 | D:1      | Reached XP level 2. HP: 26/26 MP: 2/2
   718 | D:2      | Reached XP level 3. HP: 31/31 MP: 3/3
   929 | D:2      | Noticed Crazy Yiuf
   965 | D:2      | Killed Crazy Yiuf
   965 | D:2      | Reached XP level 4. HP: 11/38 MP: 4/4
  1495 | D:3      | Noticed Terence
  1510 | D:3      | Killed Terence
  1863 | D:3      | Reached XP level 5. HP: 46/46 MP: 1/5
  2318 | D:4      | Reached skill level 4 in Fighting
  2645 | D:4      | Reached XP level 6. HP: 48/52 MP: 2/6
  3275 | D:5      | Entered Level 5 of the Dungeon
  3761 | D:5      | HP: 2/53 [shadow imp (4)]
  4107 | D:5      | Found Onakeaff's Book Boutique.
  4198 | D:5      | Reached XP level 7. HP: 57/60 MP: 2/7
  4209 | D:5      | Noticed Blork the orc
  4222 | D:5      | Killed Blork the orc
  4244 | D:5      | Found a blossoming altar of Fedhas.
  4247 | D:5      | Found a shimmering altar of Xom.
  4299 | D:5      | HP: 2/60 [ogre/giant club (13)]
  4301 | D:5      | Demolished by an ogre

Action                   |  1- 3 |  4- 6 |  7- 9 || total
-------------------------+-------+-------+-------++-------
Melee: War axe           |   119 |    45 |       ||   164
       Hand axe          |       |   153 |    41 ||   194
  Eat: Chunk             |       |     3 |       ||     3
       Meat ration       |       |     1 |       ||     1
